 Dungeon Sprint DCSS version 0.31.0-32-g396128a36d (webtiles) character file.

Game seed: 7277481178694344221

7 Groucho the Trooper (level 2, 0/20 HPs)
             Began as a Gargoyle Fighter on Mar 22, 2024.
             Slain by a white imp (5 damage)
             ... in the Dungeon (Sprint IX: "|||||||||||||||||||||||||||||").
             The game lasted 00:00:42 (143 turns).

Groucho the Trooper (Gargoyle Fighter)               Turns: 143, Time: 00:00:42

Health: 0/20       AC:  9    Str: 19    XL:     2   Next: 0%
Magic:  3/3        EV:  9    Int:  8    God:
Gold:   0          SH:  4    Dex:  9    Spells: 1/1 levels left

rFire   . . .        a - +0 flail
rCold   . . .        c - +0 buckler
rNeg    + . .        b - +0 scale mail
rPois   ∞            (no helmet)
rElec   +            (no cloak)
rCorr   .            (no gloves)
SInv    .            (no boots)
Will    .....        (no amulet) Stlth
                     (no ring)
HPRegen 0.23/turn    (no ring)
MPRegen 0.08/turn

%: no teleportation
@: no status effects
A: sickness immunity, AC +2, negative energy resistance 1, electricity
resistance, torment resistance 1, petrification resistance
a: no special abilities


You were in the Dungeon.
You visited 1 branch

Inventory:

Hand Weapons
 a - a +0 flail (weapon)
Armour
 b - a +0 scale mail (worn)
 c - a +0 buckler (worn)
Scrolls
 j - a scroll of blinking
Potions
 d - a potion of might
 e - a potion of curing
 f - a potion of heal wounds
 g - a potion of haste
 h - 2 potions of magic
 i - a potion of berserk rage


   Skills:
 + Level 3.7 Fighting
 + Level 2.5 Maces & Flails
 + Level 3.7 Armour
 + Level 0.9 Dodging
 + Level 3.6 Shields
 + Level 1.3 Invocations


You had one spell level left.
You didn't know any spells.
Your spell library was empty.

Dungeon Overview and Level Annotations

Branches:
Dungeon (1/1)

Altars:


Innate Abilities, Weirdness & Mutations

You are immune to sickness and miasma.
Your stone body is resilient. (AC +2)
You are immune to poison.
You resist negative energy. (rN+)
You are resistant to electric shocks. (rElec)
You are resistant to unholy torment.
You are immune to petrification.


Message History

You open the door.
A centaur, an orc, a scorpion, a white imp and an ufetubus come into view.
The centaur shouts!
The white imp shouts, "Away with thee, thou odious kobold-kissing bugbear!"
The ufetubus hits you but does no damage.
You block the ufetubus's attack.
You barely miss the ufetubus. The ufetubus slips past you!
The ufetubus hits you but does no damage.
You block the ufetubus's attack. The white imp gestures at you.
The puff of frost hits you. The ufetubus barely misses you.
The ufetubus hits you but does no damage.
You hit the white imp.
The white imp is moderately wounded.
The ufetubus barely misses you. The ufetubus misses you.
The white imp closely misses you. The ufetubus closely misses you.
The ufetubus hits you but does no damage.
You hit the white imp.
The white imp is severely wounded.
You block the ufetubus's attack. The ufetubus hits you.
The white imp gestures at you. The puff of frost hits you!
Unknown command.
Unknown command.
You barely miss the white imp.
The white imp is severely wounded.
The ufetubus hits you but does no damage. x2
The white imp misses you.
The ufetubus hits you but does no damage.
The ufetubus hits you.
* * * LOW HITPOINT WARNING * * *
The white imp hits you but does no damage.
Unknown command.
Unknown command.
You sock the ufetubus!
You kill the ufetubus!
The white imp hits you.
* * * LOW HITPOINT WARNING * * *
The white imp freezes you.
You die... ▓▓▓▓▓▓▓▓▓▓▓▓▓▓▓▓▓▓ +..ocs5@...))...<▓ ▓▓▓▓▓▓▓▓▓▓▓▓▓▓▓▓▓▓

You could see a centaur, a scorpion, a white imp and an orc.

Vanquished Creatures
  An ufetubus (D)
  2 hobgoblins (D)
  3 kobolds (D)
6 creatures vanquished.

Notes
Turn   | Place    | Note
-------+----------+-------------------------------------------
     0 | D        | Groucho the Gargoyle Fighter began the quest for the Orb.
     0 | D        | Reached XP level 1. HP: 14/14 MP: 1/1
     8 | D        | Reached skill level 1 in Invocations
    13 | D        | Reached XP level 2. HP: 20/20 MP: 1/3
   138 | D        | Noticed a centaur
   138 | D        | Noticed a scorpion
   143 | D        | Slain by a white imp

Illustrated notes

Levels and vault maps discovered:
D:        linesprint [early_d, line_temple, items_1, d_10, items_2, lair_1,
          lair_end, items_3, orc_1, orc_end, items_4, d_15, swamp_1, shoals_1,
          snake_1, spider_1, d_20, vaults_1, items_5, swamp_end, shoals_end,
          snake_end, spider_end, vaults_end, d_27, items_6, zot_1, zot_end,
          crypt_end, forest_end, elf_end, slime_end, tomb_end, abyss_end,
          pan_hell_end]

Skill      XL: |  1 |
---------------+----+-----
Invocations    | 1 |  1.3
Fighting       | |  3.7
Maces & Flails | |  2.5
Armour         | |  3.7
Dodging        | |  0.9
Shields        | |  3.6

Action                     || total
---------------------------++-------
  Melee: Flail             ||    13
 Armour: Scale mail        ||    15
  Dodge: Dodged            ||     8
  Block: Buckler           ||     4
